 Dungeon Crawl Stone Soup version 0.29.1-13-g9f3cf754e1 (webtiles) character file.

Game seed: 3957822347884328589

38059 hbarley the Severer (level 14, -10/125 HPs)
             Began as a Hill Orc Fighter on Feb 3, 2023.
             Was the Champion of Uskayaw.
             Mangled by a 20-headed hydra (12 damage)
             ... on level 3 of the Lair of Beasts.
             The game lasted 00:47:38 (14497 turns).

hbarley the Severer (Hill Orc Fighter)             Turns: 14497, Time: 00:47:38

Health: -10/125    AC: 22    Str: 28    XL:     14   Next: 0%
Magic:  23/23      EV: 12    Int:  8    God:    Uskayaw [******]
Gold:   912        SH:  5    Dex: 12    Spells: 13/13 levels left

rFire   . . .      SeeInvis .   D - +2 war axe (freeze)
rCold   + . .      Faith    .   c - +0 buckler
rNeg    . . .      Spirit   .   X - +1 plate armour {rC+}
rPois   .          Reflect  .   Y - +1 hat
rElec   .          Harm     .   k - +0 cloak
rCorr   .          Rampage  .   e - +2 pair of gloves
Will    +....                   N - +0 pair of boots
Stlth   ..........              u - amulet of regeneration
HPRegen 1.10/turn               f - +6 ring of strength
MPRegen 0.18/turn               B - +4 ring of evasion

@: no status effects
A: no striking features
a: Renounce Religion, Stomp, Line Pass, Grand Finale


You were on level 3 of the Lair of Beasts.
You worshipped Uskayaw.
Uskayaw was pleased with you.
You visited 3 branches of the dungeon, and saw 17 of its levels.
You also visited: Sewer, Ossuary and Ice Cave.

You collected 912 gold pieces.

Inventory:

Hand Weapons
 a - a +0 war axe
 D - a +2 war axe of freezing (weapon)
Missiles
 m - 44 poisoned darts (quivered)
 G - 4 curare-tipped darts
Armour
 c - a +0 buckler (worn)
 e - a +2 pair of gloves (worn)
 k - a +0 cloak (worn)
 t - a +0 plate armour
 z - a +5 scale mail
 N - a +0 pair of boots (worn)
 X - a +1 plate armour of cold resistance (worn)
 Y - a +1 hat (worn)
 Z - the +4 skin of Zhor {*Englaciate rC+++ SInv}
   (You found it in an ice cave)

   It radiates cold, occasionally slowing all nearby creatures who are not
   resistant to cold.
   rC:        It renders you almost immune to cold.
   SInv:      It lets you see invisible.
Jewellery
 b - an amulet of guardian spirit
 f - a +6 ring of strength (left hand)
 r - a ring of ice
 u - an amulet of regeneration (around neck)
 B - a +4 ring of evasion (right hand)
 S - a ring of resist corrosion
 W - a ring of positive energy
Wands
 y - a wand of iceblast (28)
 L - a wand of quicksilver (5)
 Q - a wand of paralysis (4)
Scrolls
 d - 2 scrolls of noise
 g - 5 scrolls of immolation
 i - 6 scrolls of teleportation
 j - 3 scrolls of blinking
 l - 3 scrolls of enchant armour
 n - 2 scrolls of amnesia
 p - 2 scrolls of identify
 x - a scroll of vulnerability {unknown}
 A - 4 scrolls of fear
 C - 2 scrolls of magic mapping {unknown}
 H - 2 scrolls of butterflies
 K - 2 scrolls of silence
 R - 3 scrolls of poison
 T - a scroll of brand weapon {unknown}
 U - 2 scrolls of enchant weapon {unknown}
Potions
 h - 7 potions of ambrosia
 o - a potion of invisibility {unknown}
 q - a potion of magic {unknown}
 s - a potion of heal wounds
 v - 6 potions of mutation
 w - 5 potions of curing
 E - 3 potions of degeneration
 F - 4 potions of haste
 I - a potion of flight {unknown}
 J - a potion of berserk rage {unknown}
 M - 2 potions of might
 O - a potion of cancellation {unknown}
 P - 3 potions of lignification {unknown}
 V - a potion of attraction {unknown}


   Skills:
 + Level 11.9 Fighting
 + Level 16.6 Axes
 + Level 0.4 Throwing
 + Level 9.7 Armour
 + Level 3.7 Dodging
 + Level 8.9 Stealth
 + Level 7.3 Shields
 * Level 13.0 Invocations
 + Level 0.3 Evocations


You had 13 spell levels left.
You didn't know any spells.
Your spell library contained the following spells:

 Spells                   Type           Power      Damage    Failure   Level
 Magic Dart               Conj           0%         1d3       99%         1
 Slow                     Hex            0%         N/A       99%         1
 Sting                    Tmut/Pois      0%         1d3       99%         1
 Call Imp                 Summ           0%         N/A       100%        2
 Poisonous Vapours        Pois/Air       0%         N/A       100%        2
 Static Discharge         Conj/Air       0%         3-3/arc   100%        2
 Call Canine Familiar     Summ           0%         N/A       100%        3
 Confusing Touch          Hex            0%         N/A       100%        3
 Mephitic Cloud           Conj/Pois/Air  0%         N/A       100%        3
 Ozocubu's Armour         Ice            0%         N/A       100%        3
 Portal Projectile        Hex/Tloc       0%         N/A       100%        3
 Vampiric Draining        Necr           0%         2d6       100%        3
 Animate Dead             Necr           0%         N/A       100%        4
 Ice Form                 Ice/Tmut       0%         N/A       100%        4
 Leda's Liquefaction      Hex/Erth       0%         N/A       100%        4
 Olgreb's Toxic Radiance  Pois           0%         N/A       100%        4
 Alistair's Intoxication  Tmut/Pois      0%         N/A       100%        5
 Blade Hands              Tmut           0%         N/A       100%        5
 Borgnjor's Vile Clutch   Necr/Erth      0%         N/A       100%        5
 Irradiate                Conj/Tmut      0%         3d11      100%        5
 Lightning Bolt           Conj/Air       0%         1d11      100%        5
 Metabolic Englaciation   Hex/Ice        0%         N/A       100%        5
 Death Channel            Necr           0%         N/A       100%        6
 Eringya's Noxious Bog    Tmut/Pois      0%         N/A       100%        6
 Dragon Form              Tmut           0%         N/A       100%        7
 Maxwell's Capacitive Co  Air            0%         ∞         100%        8


Dungeon Overview and Level Annotations

Branches:
Dungeon (13/15)            Temple (1/1) D:5            Lair (3/5) D:8
  Snake (0/4) Lair:2          Orc (0/2) D:11         Vaults (0/5) D:13
  Sewer (visited)         Ossuary (visited)           IceCv (visited)
  Swamp: Lair:2-3    Shoals: Lair:2-3

Altars:
Ashenzari
Cheibriados
Dithmenos
Elyvilon
Fedhas
Gozag
Hepliaklqana
Kikubaaqudgha
Makhleb
Nemelex Xobeh
Okawaru
Qazlal
Ru
Sif Muna
Trog
Uskayaw
Vehumet
Wu Jian
Xom
Yredelemnul
Zin
The Shining One

Shops:
D:10 :

Annotations:
D:3 2 transporters, AverageBear's ghost, weakling DsFi
D:5 2 runed translucent doors, Alexandra's ghost, novice MeFE
D:12 3 runed translucent doors, Gauc's ghost, journeyman HOFi; Jingleheimer's ghost, journeyman TeFi; Xqipyl's ghost, journeyman GrFE


Message History

The 20-headed hydra bites you! You block the 20-headed hydra's attack.
The 20-headed hydra barely misses you. The 20-headed hydra bites you!
* * * LOW HITPOINT WARNING * * *
The 20-headed hydra bites you.
* * * LOW HITPOINT WARNING * * *
The 20-headed hydra bites you.
* * * LOW HITPOINT WARNING * * *
The 20-headed hydra bites you.
* * * LOW HITPOINT WARNING * * *
The 20-headed hydra closely misses you. The 20-headed hydra misses you.
The 20-headed hydra closely misses you.
The 20-headed hydra bites you but does no damage.
The 20-headed hydra barely misses you.
The 20-headed hydra bites you but does no damage. x2
The 20-headed hydra bites you.
* * * LOW HITPOINT WARNING * * *
The 20-headed hydra closely misses you. The 20-headed hydra bites you.
* * * LOW HITPOINT WARNING * * *
The black bear bites you but does no damage.
The black bear closely misses you.
The black bear claws you but does no damage.
As you read the scroll of teleportation, it crumbles to dust.
You feel strangely stable.
The 20-headed hydra bites you but does no damage. x2
The 20-headed hydra bites you.
* * * LOW HITPOINT WARNING * * *
The 20-headed hydra bites you but does no damage. x2
You block the 20-headed hydra's attack. The 20-headed hydra misses you.
The 20-headed hydra closely misses you. You block the 20-headed hydra's attack.
The 20-headed hydra barely misses you. The 20-headed hydra bites you.
* * * LOW HITPOINT WARNING * * *
The 20-headed hydra bites you but does no damage.
The 20-headed hydra barely misses you.
The 20-headed hydra bites you but does no damage.
You block the 20-headed hydra's attack. The 20-headed hydra bites you.
* * * LOW HITPOINT WARNING * * *
The 20-headed hydra bites you!
* * * LOW HITPOINT WARNING * * *
The 20-headed hydra misses you. The 20-headed hydra bites you!
You die...

......... ..........
#../.......
#..........≈.. ###
#.#........≈.#
.#..###.........≈≈.#
.....#?........≈~..#
.......D........~...
.......†@h......≈...
...............~~...
............†..≈~...
.........†.†..~~...#
.............~≈~..##
..............≈.....
....P...............
.........#..........
#...#.....##........


You could see a 20-headed hydra (slow, pain bonded) and a black bear (pain
bonded).

Vanquished Creatures
  3 vault guards (D:13)
  3 boulder beetles
  6 two-headed ogres
  A necromancer (IceCv)
  A bog body (IceCv)
  A cyclops (D:13)
  A manticore (D:13)
  5 black mambas
  Maurice (D:8)
  3 gargoyles
  6 cane toads
  4 komodo dragons
  An unseen horror (D:13)
  A rime drake (Lair:2)
  3 anaconda simulacra (IceCv)
  6 ice devils (IceCv)
  A queen bee (Lair:1)
  4 polar bears
  9 slime creatures
  4 blink frogs (Lair:1)
  Grinder (D:3)
  2 hornets
  6 shadows
  A dire elephant simulacrum (IceCv)
  28 yaks
  9 humans (D:13)
  3 basilisks
  A wyvern (Lair:3)
  2 wraiths
  A golden eye (shapeshifter) (D:13)
  Grum (D:11)
  Menkaure (D:6)
  5 harpy simulacra (IceCv)
  14 water moccasins
  Duvessa (D:4)
  A hydra simulacrum (IceCv)
  3 orc warriors
  An ogre (D:5)
  11 wolves
  3 centaurs
  8 black bears
  2 phantoms
  4 kobold brigands
  8 bullfrogs
  An elf zombie (Ossuary)
  5 scorpions
  2 necrophages
  10 wights
  41 killer bees
  An elephant simulacrum (IceCv)
  Dowan (D:4)
  5 howler monkeys
  7 hounds
  A jelly (D:6)
  5 orc priests
  Jessica (D:3)
  A human zombie (Ossuary)
  Ijyb (D:4)
  3 iguanas
  13 orc wizards
  A spriggan simulacrum (IceCv)
  2 mummies (Ossuary)
  8 adders
  A naga simulacrum (IceCv)
  5 river rats (Sewer)
  2 shadow imps (D:6)
  A white imp (IceCv)
  An ufetubus (IceCv)
  An adder zombie (Ossuary)
  3 worms
  37 orcs
  8 endoplasms
  5 giant cockroaches
  5 goblins
  5 hobgoblins
  7 jackals
  2 quokkas (D:1)
  8 ball pythons
  7 bats
  7 frilled lizards
  4 goblin zombies (Ossuary)
  8 hobgoblin zombies (Ossuary)
  A jackal zombie (Ossuary)
  18 kobolds
  12 kobold zombies (Ossuary)
  8 orc zombies (Ossuary)
  5 rats
  A rat zombie (Ossuary)
452 creatures vanquished.

Vanquished Creatures (others)
  17 fungi
  52 plants
69 creatures vanquished.

Grand Total: 521 creatures vanquished

Notes
Turn   | Place    | Note
-------+----------+-------------------------------------------
     0 | D:1      | hbarley the Hill Orc Fighter began the quest for the Orb.
     0 | D:1      | Reached XP level 1. HP: 19/19 MP: 1/1
   179 | D:1      | Reached XP level 2. HP: 27/27 MP: 2/2
   385 | D:1      | Found a faded altar of an unknown god.
   502 | D:1      | Reached skill level 3 in Axes
   699 | D:2      | Reached XP level 3. HP: 31/33 MP: 3/3
  1741 | D:2      | Reached XP level 4. HP: 30/40 MP: 4/4
  1756 | D:3      | Reached skill level 1 in Dodging
  2318 | D:3      | Noticed Jessica
  2327 | D:3      | Killed Jessica
  2328 | D:3      | Reached skill level 4 in Axes
  2328 | D:3      | Reached XP level 5. HP: 37/47 MP: 5/5
  2527 | D:3      | Reached skill level 5 in Axes
  2579 | D:3      | Noticed AverageBear's ghost (weakling DsFi)
  2603 | D:3      | Found a transporter.
  2627 | D:3      | Found a transporter.
  2783 | D:3      | Noticed Grinder
  2796 | D:3      | Paralysed by Grinder for 5 turns
  2804 | D:3      | Killed Grinder
  2805 | D:3      | Reached skill level 5 in Fighting
  2805 | D:3      | Reached skill level 6 in Axes
  2805 | D:3      | Reached XP level 6. HP: 56/56 MP: 6/6
  3073 | D:4      | Noticed Ijyb
  3083 | D:4      | Killed Ijyb
  3110 | D:4      | Reached XP level 7. HP: 61/61 MP: 7/7
  3134 | D:4      | Noticed Dowan
  3137 | D:4      | Noticed Duvessa
  3149 | D:4      | Killed Duvessa
  3150 | D:4      | Reached skill level 5 in Armour
  3160 | D:4      | Killed Dowan
  3477 | D:5      | Entered Level 5 of the Dungeon
  3477 | D:5      | Found a large runed translucent door.
  3487 | D:5      | Reached skill level 7 in Axes
  3559 | D:5      | Found a large runed translucent door.
  3563 | D:5      | Noticed Alexandra's ghost (novice MeFE)
  3586 | D:5      | Reached XP level 8. HP: 64/70 MP: 8/8
  3638 | D:5      | Reached skill level 8 in Axes
  3932 | D:5      | Found a staircase to the Ecumenical Temple.
  3997 | Temple   | Entered the Ecumenical Temple
  4211 | Temple   | Became a worshipper of Uskayaw the Reveller
  4415 | D:6      | Found a blossoming altar of Fedhas.
  4421 | D:6      | Reached * piety under Uskayaw
  4424 | D:6      | Reached ** piety under Uskayaw
  4429 | D:6      | Reached *** piety under Uskayaw
  4513 | D:6      | Reached skill level 1 in Invocations
  4647 | D:6      | Reached skill level 9 in Axes
  4677 | D:6      | Found a glowing drain.
  4691 | Sewer    | Entered a sewer
  4834 | Sewer    | Reached skill level 5 in Shields
  4998 | Sewer    | Reached XP level 9. HP: 77/78 MP: 11/11
  5435 | D:6      | Noticed Menkaure
  5442 | D:6      | Killed Menkaure
  5442 | D:6      | Reached **** piety under Uskayaw
  5443 | D:6      | Reached skill level 10 in Axes
  5563 | D:6      | Reached ***** piety under Uskayaw
  5564 | D:6      | Reached skill level 1 in Stealth
  6100 | D:7      | Noticed a hornet
  6116 | D:7      | Killed a hornet
  6347 | D:7      | Reached skill level 5 in Invocations
  6347 | D:7      | Reached ****** piety under Uskayaw
  6348 | D:7      | Reached skill level 11 in Axes
  6522 | D:7      | Found a sand-covered staircase.
  6531 | Ossuary  | Entered an ossuary
  6644 | Ossuary  | Reached XP level 10. HP: 88/88 MP: 14/14
  7064 | D:8      | Noticed Maurice
  7078 | D:8      | Killed Maurice
  7089 | D:8      | Reached skill level 12 in Axes
  7232 | D:8      | You fall into a shaft and drop 1 floor!
  7447 | D:8      | Found a staircase to the Lair.
  7882 | D:9      | Noticed a two-headed ogre
  7898 | D:9      | Killed a two-headed ogre
  8050 | D:9      | Reached XP level 11. HP: 79/95 MP: 16/16
  8175 | D:10     | Entered Level 10 of the Dungeon
  8220 | D:10     | Found a glowing silver altar of Zin.
  8349 | D:10     | Reached skill level 13 in Axes
  8461 | D:10     | Noticed a two-headed ogre
  8469 | D:10     | Killed a two-headed ogre
  8476 | D:10     | Noticed a two-headed ogre
  8486 | D:10     | Killed a two-headed ogre
  8670 | D:10     | Found Reniev's Book Shop.
  9104 | D:11     | Noticed a boulder beetle
  9119 | D:11     | Killed a boulder beetle
  9120 | D:11     | Reached skill level 5 in Stealth
  9188 | D:11     | Noticed a boulder beetle
  9191 | D:11     | Noticed a two-headed ogre
  9199 | D:11     | Killed a boulder beetle
  9202 | D:11     | Killed a two-headed ogre
  9228 | D:11     | Found a staircase to the Orcish Mines.
  9326 | D:11     | Noticed Grum
  9340 | D:11     | Killed Grum
  9758 | D:11     | Found a sparkling altar of Nemelex Xobeh.
  9810 | D:12     | Reached skill level 14 in Axes
  9848 | D:12     | Found a runed translucent gate.
  9849 | D:12     | Found a runed translucent gate.
  9849 | D:12     | Found a runed translucent gate.
  9850 | D:12     | Noticed Xqipyl's ghost (journeyman GrFE)
  9850 | D:12     | Noticed Jingleheimer's ghost (journeyman TeFi)
  9851 | D:12     | Noticed Gauc's ghost (journeyman HOFi)
  9943 | D:12     | Noticed a boulder beetle
  9955 | D:12     | Killed a boulder beetle
  9956 | D:12     | Reached XP level 12. HP: 43/105 MP: 19/19
 10353 | D:12     | Reached skill level 10 in Invocations
 10666 | D:13     | Noticed a two-headed ogre
 10682 | D:13     | Killed a two-headed ogre
 10736 | D:13     | Noticed a vault guard
 10736 | D:13     | Noticed a vault guard
 10736 | D:13     | Noticed a vault guard
 10750 | D:13     | Killed a vault guard
 10750 | D:13     | Killed a vault guard
 10750 | D:13     | Killed a vault guard
 10751 | D:13     | Reached skill level 10 in Fighting
 10751 | D:13     | Reached skill level 15 in Axes
 10818 | D:13     | Found a gate to the Vaults.
 10863 | D:13     | Noticed a two-headed ogre
 10866 | D:13     | Killed a two-headed ogre
 10910 | D:13     | Found a frozen archway.
 10925 | IceCv    | Entered an ice cave
 11406 | IceCv    | Found the +4 skin of Zhor {*Englaciate rC+++ SInv}
 11413 | IceCv    | Reached XP level 13. HP: 94/114 MP: 21/21
 11460 | IceCv    | Got Xeumif's Directory of the Blizzard
 11799 | D:13     | Reached skill level 16 in Axes
 12727 | Lair:1   | Entered Level 1 of the Lair of Beasts
 13025 | Lair:1   | Found a sacrificial altar of Ru.
 13690 | Lair:2   | Found a staircase to the Snake Pit.
 14473 | Lair:3   | Reached XP level 14. HP: 110/125 MP: 23/23
 14494 | Lair:3   | HP: 5/125 [20-headed hydra (11)]
 14497 | Lair:3   | HP: 2/125 [20-headed hydra (7)]
 14497 | Lair:3   | Mangled by a 20-headed hydra

Illustrated notes

Levels and vault maps discovered:
D:1:      erik_arrival_triangle_large, layout_rooms,
          chequers_ecumenical_altar_island, minivault_11, grunt_decor_junction
D:2:      layout_basic, minmay_cut_off
D:3:      layout_loops_ring, gammafunk_ghost_stat_death, uniq_jessica,
          uniq_grinder
D:4:      layout_basic, uniq_ijyb, uniq_duvessa
D:5:      layout_loops_cross, temple_statues, ebering_ghost_disaster_area
D:6:      layout_basic, mainiacjoe_overflow_tiny_flanked,
          cheibrodos_sewer_entry_sluice, columned_hall_lemuel, sigmund_army,
          uniq_menkaure
D:7:      layout_cave_pools, enter_ossuary_3, nrook_mini_vaults,
          eino_tiny_chamber, chequers_serial_rivers_marsh,
          minmay_fractal_squares_diagonal_5
D:8:      layout_loops_cross, grunt_lair_entry_orc_guard_hut,
          patterned_corridor, uniq_maurice
D:9:      layout_basic, wad_dig_loot
D:10:     layout_loops_corners, lemuel_doored_altar, serial_shops, shop,
          chequers_serial_rivers_micro_d
D:11:     layout_basic, orc_0_dummy, nemelex_lonely_heart_becter, uniq_grum
D:12:     layout_roguey, gammafunk_ghost_cemetery
D:13:     layout_long_grid, ximxim_vaults_locker_room,
          portal_ice_cave_entry_pillars_2, minmay_misc_feat_more_columns
Temple:   nicolae_temple_bog_church
Lair:1:   layout_roguey [special_room_bee], basic_altar
Lair:2:   layout_gridlike, minmay_snake_entry_six_corridors,
          cheibrodos_lair_lostbears, grunt_megastairs_4
Lair:3:   layout_hall_layers, nicolae_swamp_entry_splash_gauntlet,
          gammafunk_ghost_ooze, chequers_serial_rivers_small_a,
          beast_lair_carwin_10, uniq_urug

Skill      XL: |  1  2  3  4  5  6  7  8  9 10 11 12 13 |
---------------+----------------------------------------+-----
Axes           | 3 4 6 7 9 11 12 14 15 16 | 16.6
Fighting       | 4 5 6 7 8 9 10 11 | 11.9
Dodging        | 1 2 3 |  3.7
Armour         | 4 5 6 7 8 9 |  9.7
Shields        | 4 5 6 7 |  7.3
Invocations    | 2 5 7 9 11 13 | 13.0
Stealth        | 2 4 5 7 8 |  8.9
Throwing       | |  0.4
Evocations     | |  0.3

Action                   |  1- 3 |  4- 6 |  7- 9 | 10-12 | 13-15 || total
-------------------------+-------+-------+-------+-------+-------++-------
Melee: War axe           |    82 |   108 |   324 |   469 |   299 ||  1282
Throw: Dart              |       |       |       |     2 |     3 ||     5
Evoke: Wand              |       |       |     1 |     5 |       ||     6
  Use: Scroll            |       |       |     4 |     9 |     5 ||    18
       Potion            |       |       |     1 |     3 |     4 ||     8
 Stab: Paralysed         |       |       |    10 |    59 |    38 ||   107
       Sleeping          |       |       |       |     4 |       ||     4
       Distracted        |       |       |       |     1 |       ||     1
Armor: Scale mail        |    48 |    50 |    86 |   135 |       ||   319
       Plate armour      |       |    28 |    26 |     1 |   270 ||   325
Dodge: Dodged            |    35 |    64 |   181 |   245 |   209 ||   734
Block: Buckler           |    20 |    31 |    73 |    92 |    95 ||   311
